 Dungeon Crawl Stone Soup version 0.27-a0-1228-gfd60fd639a (webtiles) character file.

Game seed: 12477079938216817861

144 robertstho the Magician (level 5, 0/37 HPs)
             Began as a Djinni Fire Elementalist on June 7, 2021.
             Was a Follower of Cheibriados.
             Slain by Blork the orc
             ... wielding a +0 antimagic halberd
              (13 damage)
             ... on level 4 of the Dungeon.
             The game lasted 00:04:29 (4859 turns).

robertstho the Magician (Djinni Fire Elementalist)  Turns: 4859, Time: 00:04:30

Health: 0/37       AC:  2    Str: 10    XL:     5   Next: 52%
Gold:   105        EV: 12    Int: 21    God:    Cheibriados [*.....] SH:  0 Dex: 16

rFire    + + .     SeeInvis .   l - +0 short sword
rCold    x . .     Faith    .   (no shield)
rNeg     . . .     Spirit   .   a - +0 robe
rPois    ∞         Reflect  .   (no helmet)
rElec    .         Harm     .   (no cloak)
rCorr    .         Rampage  .   (no gloves)
Will     .....                  (boots unavailable)
Stlth    ++........             (no amulet)
HPRegen  0.12/turn              (no ring)
MPRegen  0.00/turn              (no ring)

@: weak-willed, flying, very slow
A: sickness immunity, fire resistance 2, cold vulnerability 1, float, innate
caster, hp casting, extra vitality 1
a: Renounce Religion, Bend Time


You were on level 4 of the Dungeon.
You worshipped Cheibriados.
Cheibriados was aware of your devotion.
You visited 1 branch of the dungeon, and saw 4 of its levels.

You collected 105 gold pieces.

Inventory:

Hand Weapons
 l - a +0 short sword (weapon)
Armour
 a - a +0 robe (worn)
Jewellery
 m - an amulet of guardian spirit
Scrolls
 c - 2 scrolls of vulnerability
 i - a scroll of amnesia {unknown}
 j - a scroll of blinking {unknown}
 k - 3 scrolls of teleportation {unknown}
Potions
 b - 2 potions of curing
 d - a potion of might {unknown}
 e - a potion of lignification {unknown}
 f - 2 potions of ambrosia {unknown}
 g - a potion of flight {unknown}
 h - 2 potions of heal wounds {unknown}


   Skills:
 * Level 1.1 Fighting
 + Level 2.4 Dodging
 + Level 2.0 Stealth
 + Level 0.2 Unarmed Combat
 * Level 4.1 Spellcasting


You couldn't memorise any spells.
You knew the following spells:

 Your Spells              Type           Power      Damage    Failure   Level
a - Foxfire               Conj/Fire      84%        2x1d8     2%          1
b - Conjure Flame         Conj/Fire      21%        6-21      7%          3
c - Inner Flame           Hex/Fire       21%        N/A       7%          3
d - Sticky Flame          Conj/Fire      21%        2d4       22%         4
e - Fireball              Conj/Fire      10%        3d6       52%         5
f - Apportation           Tloc           42%        N/A       2%          1
g - Blink                 Tloc           N/A        N/A       3%          2
Your spell library was empty.

Dungeon Overview and Level Annotations

Branches:
Dungeon (4/15)
 Temple: D:4-7

Altars:
Cheibriados

Annotations:
D:2 1 runed translucent door, Crazy Yiuf
D:4 Blork the orc


Innate Abilities, Weirdness & Mutations

You are immune to sickness and miasma.
You are immune to poison.
Your flesh is very heat resistant. (rF++)
You are vulnerable to cold. (rC-)
You float through the air rather than walking.
You learn spells naturally, not from books.
Your magical power is your life essence.
You have superior vitality. (+4 HP)


Message History

The foxfire hits Blork the orc.
Blork the orc is heavily wounded.
Blork the orc gestures at you while chanting.
The magic dart hits you!
Casting: Foxfire (safe; 2% risk of failure)
Press: ? - help, Q - select action, (/) - cycle Dir - look around, f - activate You conjure some foxfire!
The foxfire hits Blork the orc.
Blork the orc is heavily wounded.
The foxfire hits Blork the orc but does no damage.
Blork the orc is heavily wounded.
The foxfire hits Blork the orc but does no damage.
Blork the orc is heavily wounded.
Blork the orc hits you from afar with a +0 antimagic halberd!
Your foxfire dissipates!
Casting: Foxfire (safe; 2% risk of failure)
Confirm with . or Enter, or press ? or * to list all spells.
Okay, then.
You aren't carrying any items that you can evoke.
As you read the scroll labelled MESOTE LEYSOEMN, it crumbles to dust.
Magic quickly surges around you.
It was a scroll of vulnerability.
Blork the orc mumbles some strange words.
Blork the orc seems to speed up.
Blork the orc looks encouraged for a moment.
Blork the orc gestures at you while chanting.
The puff of flame misses you.
Blork the orc gestures at you while chanting.
The puff of frost misses you.
Blork the orc looks angry.
Blork the orc looks braver for a moment.
Blork the orc casts a cantrip, but nothing happens.
Blork the orc casts a spell at you. The puff of flame hits you. You resist.
Blork the orc hits you from afar with a +0 antimagic halberd!
* * * LOW HITPOINT WARNING * * *
Blork the orc closely misses you.
It was a potion of curing.
You feel better.
Blork the orc hits you from afar with a +0 antimagic halberd.
Blork the orc hits you from afar with a +0 antimagic halberd!
You die...

##############
.......@.o...#
############.#
###########.#
###.........#o#######
.....................
#.#.....#.#.#######
#.#.#.#.#.#.#
#....<..#.#†#
###.#...#.#.#


You could see Blork the orc (fast, weak-willed).

Vanquished Creatures
  An orc wizard (D:3)
  3 gnolls (D:3)
  An adder (D:2)
  4 dart slugs
  4 orcs (D:3)
  8 ball pythons
  5 endoplasms
  5 giant cockroaches
  9 hobgoblins
  6 jackals
  6 kobolds
  A quokka (D:3)
  5 bats
  4 frilled lizards
  2 goblins (D:1)
  5 rats
69 creatures vanquished.

Vanquished Creatures (others)
  339 foxfires
339 creatures vanquished.

Grand Total: 408 creatures vanquished

Notes
Turn   | Place    | Note
-------+----------+-------------------------------------------
     0 | D:1      | robertstho the Djinni Fire Elementalist began the quest for
                  | the Orb.
     0 | D:1      | Reached XP level 1. HP: 15/15 MP: 0/0
   301 | D:1      | Reached XP level 2. HP: 14/21 MP: 0/0
   642 | D:1      | Reached skill level 3 in Spellcasting
   643 | D:1      | Reached XP level 3. HP: 17/25 MP: 0/0
   643 | D:1      | Learned a level 1 spell: Apportation
  1926 | D:2      | Reached XP level 4. HP: 21/31 MP: 0/0
  2160 | D:2      | Found a runed translucent door.
  2161 | D:2      | Noticed Crazy Yiuf
  3330 | D:3      | Found a faded altar of an unknown god.
  3362 | D:3      | Reached skill level 1 in Fighting
  3367 | D:3      | Reached XP level 5. HP: 4/37 MP: 0/0
  3367 | D:3      | Learned a level 2 spell: Blink
  3711 | D:3      | Became a worshipper of Cheibriados the Contemplative
  3711 | D:3      | Reached * piety under Cheibriados
  4186 | D:3      | Reached skill level 4 in Spellcasting
  4841 | D:4      | Noticed Blork the orc
  4859 | D:4      | Slain by Blork the orc

Illustrated notes

Levels and vault maps discovered:
D:1:      minmay_arrival_diagonal_passages, layout_basic,
          chequers_serial_rivers_small_a
D:2:      layout_basic, amcnicky_mini_corridor_feature, minmay_tiny_reverse_x,
          uniq_crazy_yiuf_cottage
D:3:      layout_basic, ebering_ecumenical_altar_mist
D:4:      layout_basic, uniq_blork_the_orc

Skill      XL: |  1  2  3  4  5 |
---------------+----------------+-----
Spellcasting   | 3 4 |  4.1
Fighting       | 1 |  1.1
Stealth        | 2 |  2.0
Dodging        | |  2.4
Unarmed Combat | |  0.2

Action                   |  1- 3 |  4- 6 || total
-------------------------+-------+-------++-------
Melee: Unarmed           |     2 |       ||     2
       Short sword       |       |    13 ||    13
       Punch             |       |     1 ||     1
 Cast: Foxfire           |   101 |    98 ||   199
  Use: Scroll            |       |     1 ||     1
       Potion            |       |     1 ||     1
Armor: Robe              |       |     5 ||     5
Dodge: Dodged            |     7 |    15 ||    22

Table legend: (Time is in decaauts)
 A = Elapsed time spent in this place.
 B = Non-inter-level travel time spent in this place.
 C = Inter-level travel time spent in this place.
 D = Time resting spent in this place.
 E = Time spent auto-exploring this place.
 F = Levels seen in this place.
 G = Mean time per level.
                   A        B        C        D        E       F      G
               +--------+--------+--------+--------+--------+-----+--------+
         Total |   5172 |   4995 |    177 |    268 |   4276 |   4 | 1293.0 |
       Dungeon |   5172 |   4995 |    177 |    268 |   4276 |   4 | 1293.0 |
               +--------+--------+--------+--------+--------+-----+--------+

Top non-repeatable levels by time:
     D:3: 2226 daAuts
     D:1: 1601 daAuts
     D:2: 1259 daAuts
     D:4: 85 daAuts
